 Dungeon Crawl Stone Soup version 0.24.0-123-gd5b16e6ec5 (webtiles) character file.

Game seed: 11532220060165345042, levelgen mode: deterministic

2699 hazymike the Skirmisher (level 9, -3/92 HPs)
             Began as an Ogre Skald on Feb 12, 2020.
             Was a Priest of Yredelemnul.
             Slain by a killer bee (10 damage)
             ... on level 8 of the Dungeon on Feb 13, 2020.
             The game lasted 01:07:07 (12028 turns).

hazymike the Skirmisher (Ogre Skald)               Turns: 12028, Time: 01:07:08

Health: -3/92      AC:  5    Str: 17    XL:     9   Next: 65%
Magic:  14/15      EV: 11    Int: 17    God:    Yredelemnul [***...]
Gold:   118        SH:  0    Dex: 10    Spells: 2/16 levels left

rFire    . . .     SeeInvis .   a - +4 giant spiked club
rCold    . . .     Gourm    .   (shield currently unavailable)
rNeg     . . .     Faith    .   b - +0 robe
rPois    .         Spirit   .   (helmet restricted)
rElec    .         Reflect  .   r - +1 cloak
rCorr    .         Harm     .   (gloves unavailable)
MR       .....                  (boots unavailable)
Stlth    +.........             (no amulet)
HPRegen  0.25/turn              l - +2 ring of dexterity
MPRegen  0.14/turn              q - ring of wizardry

@: confused, lethally poisoned (-3 -> -16)
A: large, unfitting armour, tough skin 1
a: Recall Undead Slaves, Injury Mirror, Animate Dead, Renounce Religion


You were on level 8 of the Dungeon.
You worshipped Yredelemnul.
Yredelemnul was most pleased with you.
You were hungry.

You visited 1 branch of the dungeon, and saw 10 of its levels.

You collected 430 gold pieces.
You spent 312 gold pieces at shops.

Inventory:

Hand Weapons
 a - a +4 giant spiked club (weapon)
Missiles
 e - 204 stones (quivered)
 j - 59 sling bullets
 y - 2 throwing nets
Armour
 b - a +0 robe (worn)
 r - a +1 cloak (worn)
Jewellery
 l - a +2 ring of dexterity (left hand)
 q - a ring of wizardry (right hand)
 u - an uncursed ring of protection from cold
 C - an uncursed ring of magical power
Wands
 i - a wand of random effects (18)
 o - a wand of polymorph (1)
Scrolls
 c - 2 scrolls of blinking {unknown}
 g - 3 scrolls of remove curse
 h - 3 scrolls of identify
 k - 6 scrolls of teleportation
 v - a scroll of torment {unknown}
 w - a scroll of magic mapping {unknown}
Potions
 f - a potion of brilliance {unknown}
 p - 4 potions of curing
 s - 4 potions of agility
 z - 2 potions of flight
 A - 2 potions of heal wounds
 B - 3 potions of haste
 E - a potion of invisibility
 F - a potion of lignification
Comestibles
 d - 9 rations
 m - 6 chunks of flesh


   Skills:
 + Level 6.6 Fighting
 * Level 6.2 Maces & Flails
 + Level 4.7 Dodging
 - Level 4.0 Spellcasting
 + Level 3.6 Hexes
 + Level 5.0 Charms
 - Level 2.0 Transmutations
 - Level 2.0 Earth Magic
 + Level 4.2 Invocations


You had 2 spell levels left.
You knew the following spells:

 Your Spells              Type           Power        Failure   Level  Hunger
a - Infusion              Chrm           ###.         1%          1    None
b - Shroud of Golubria    Chrm/Tloc      ##....       3%          2    ##.....
c - Confusing Touch       Hex            ###...       1%          1    None
d - Spectral Weapon       Hex/Chrm       ###.....     3%          3    ###....
e - Song of Slaying       Chrm           ###.....     1%          2    ##.....
f - Tukima's Dance        Hex            ###.....     4%          3    ###....
g - Passwall              Tmut/Erth      ##......     4%          2    ##.....

Your spell library contained the following spells:

 Spells                   Type           Power        Failure   Level  Hunger
 Corona                   Hex            ###....      1%          1    None
 Sandblast                Erth           ##....       2%          1    None
 Ensorcelled Hibernation  Hex/Ice        #.....       4%          2    ##.....
 Animate Skeleton         Necr           N/A          6%          1    None
 Apportation              Tloc           #.....       6%          1    None
 Summon Small Mammal      Summ           #...         6%          1    None
 Confuse                  Hex            ###.....     4%          3    ###....
 Regeneration             Chrm/Necr      ##........   7%          3    ###....
 Dazzling Spray           Conj/Hex       #.....       9%          3    ###....
 Stone Arrow              Conj/Erth      #.....       12%         3    ###....
 Petrify                  Tmut/Erth      ##......     26%         4    ####...
 Lee's Rapid Deconstruct  Erth           ##........   56%         5    ######.


Dungeon Overview and Level Annotations

Branches:
Dungeon (10/15)            Temple (0/1) D:7            Lair (0/6) D:9
    Orc: D:9-12

Altars:
Ashenzari
Elyvilon
Gozag
Nemelex Xobeh
Sif Muna
Uskayaw
Wu Jian
Yredelemnul

Shops:
D:4 =   D:5 !

Annotations:
D:2 1 runed translucent door, exclusion: door, Crazy Yiuf
D:5 5 runed translucent doors


Innate Abilities, Weirdness & Mutations

You are too large for most types of armour.
You have tough skin. (AC +1)


Message History

The killer bee is severely wounded.
You feel sick. The killer bee barely misses you.
The killer bee closely misses you. The killer bee barely misses you. x2
The gnoll hits you from afar with a +0 spear!
* * * LOW HITPOINT WARNING * * *
The killer bee stings you.
* * * LOW HITPOINT WARNING * * *
You are lethally poisoned!
The killer bee poisons you! The killer bee stings you.
* * * LOW HITPOINT WARNING * * *
The gnoll hits you from afar with a +0 spear.
* * * LOW HITPOINT WARNING * * *
You are confused.
You feel invigorated.
* * * LOW HITPOINT WARNING * * *
You feel sick. The killer bee stings you.
* * * LOW HITPOINT WARNING * * *
The killer bee stings you!
You die...
Your body rises from the dead as a mindless zombie.

### ##.####
####.รท.#@#
#####.###ggyy###
##.........##g..#.
##...................
#........#......#....
.#.............#.###
#..:.......#.##...[
###.y.......## ...#.
#....#!.#...# ##.#


You could see 2 killer bees and 3 gnolls.

Vanquished Creatures
  A porcupine (D:9)
  A sky beast (D:7)
  An ice beast (D:6)
  2 black bears
  6 ogres
  3 phantoms
  A centaur (D:7)
  3 bullfrogs (D:6)
  4 scorpions
  4 killer bees (D:8)
  A howler monkey (D:10)
  6 crimson imps
  A hound (D:8)
  A centaur skeleton (D:10)
  An iguana (D:7)
  An orc wizard (D:4)
  Jessica (D:2)
  6 worker ants
  A hound zombie (D:5)
  A worker ant zombie (D:7)
  4 gnolls (D:4)
  9 adders
  2 shadow imps
  An ooze (D:3)
  2 adder skeletons (D:4)
  4 worms
  A dart slug (D:2)
  7 leopard geckos
  10 orcs
  3 ball pythons
  7 giant cockroaches
  7 goblins
  9 hobgoblins
  23 jackals
  3 quokkas
  13 bats
  5 frilled lizards
  A jackal skeleton (D:6)
  9 kobolds
  A leopard gecko skeleton (D:5)
  A quokka skeleton (D:6)
  9 rats
  2 bushes (D:4)
179 creatures vanquished.

Vanquished Creatures (others)
  A worm zombie (D:4)
  2 fungi (D:9)
  4 spectral weapons
7 creatures vanquished.

Grand Total: 186 creatures vanquished

Notes
Turn   | Place    | Note
-------+----------+-------------------------------------------
     0 | D:1      | hazymike the Ogre Skald began the quest for the Orb.
     0 | D:1      | Reached XP level 1. HP: 22/22 MP: 3/3
    31 | D:1      | Reached XP level 2. HP: 21/29 MP: 5/5
   707 | D:1      | Reached XP level 3. HP: 36/37 MP: 6/6
   711 | D:1      | Learned a level 2 spell: Shroud of Golubria
  1636 | D:2      | Reached XP level 4. HP: 44/45 MP: 0/8
  1979 | D:2      | Found a runed translucent door.
  1980 | D:2      | Noticed Crazy Yiuf
  2077 | D:2      | Found a white marble altar of Elyvilon.
  2130 | D:2      | Noticed Jessica
  2148 | D:2      | Killed Jessica
  2178 | D:2      | Found a basalt altar of Yredelemnul.
  2190 | D:2      | Became a worshipper of Yredelemnul the Dark
  2469 | D:2      | Learned a level 1 spell: Confusing Touch
  2677 | D:2      | Reached XP level 5. HP: 16/53 MP: 0/9
  2908 | D:3      | Learned a level 2 spell: Song of Slaying
  3739 | D:3      | Reached * piety under Yredelemnul
  4096 | D:3      | Found a shattered altar of Ashenzari.
  4246 | D:3      | Found an ornate altar of the Wu Jian Council.
  4330 | D:4      | Noticed a phantom
  4657 | D:4      | Noticed an ogre
  4941 | D:4      | Killed a phantom
  4941 | D:4      | Reached skill level 1 in Hexes
  4941 | D:4      | Reached skill level 1 in Invocations
  4941 | D:4      | Reached XP level 6. HP: 36/62 MP: 3/11
  5191 | D:4      | Reached XP level 7. HP: 35/70 MP: 4/12
  5791 | D:4      | You fall into a shaft and drop 2 floors!
  5791 | D:6      | Found a hide-covered altar of Uskayaw.
  6487 | D:5      | Entered Level 5 of the Dungeon
  6490 | D:5      | Found the +9 staff of Olgreb {rPois}
  6493 | D:5      | Found a runed translucent door.
  6623 | D:5      | Found a runed translucent door.
  6629 | D:5      | Found a runed translucent gate.
  6629 | D:5      | Found a runed translucent gate.
  6740 | D:5      | Noticed a soldier ant
  6740 | D:5      | Noticed a soldier ant
  6741 | D:5      | Found a runed translucent gate.
  6741 | D:5      | Noticed a soldier ant
  6741 | D:5      | Noticed a soldier ant
  6741 | D:5      | Noticed a soldier ant
  6741 | D:5      | Noticed a soldier ant
  6867 | D:5      | Reached XP level 8. HP: 68/79 MP: 9/14
  6985 | D:4      | Reached skill level 5 in Fighting
  7133 | D:4      | Found Deallufa's Jewellery Emporium.
  7193 | D:4      | Found a sparkling altar of Nemelex Xobeh.
  8445 | D:5      | Reached ** piety under Yredelemnul
  8451 | D:5      | Found Tukuama's Distillery.
  8460 | D:5      | Bought a potion of degeneration for 12 gold pieces
  8460 | D:5      | Bought a potion of invisibility for 96 gold pieces
  8460 | D:5      | Bought a potion of agility for 48 gold pieces
  8460 | D:5      | Bought a potion of haste for 120 gold pieces
  8460 | D:5      | Bought a potion of lignification for 36 gold pieces
  8954 | D:5      | Reached skill level 5 in Maces & Flails
  9306 | D:6      | Learned a level 3 spell: Spectral Weapon
  9310 | D:6      | Learned a level 3 spell: Tukima's Dance
  9588 | D:6      | Found a shimmering blue altar of Sif Muna.
  9630 | D:6      | Learned a level 2 spell: Passwall
 10370 | D:7      | Found an opulent altar of Gozag.
 10732 | D:7      | Reached skill level 1 in Transmutations
 10869 | D:7      | Reached skill level 1 in Earth Magic
 10869 | D:7      | Reached XP level 9. HP: 65/89 MP: 13/15
 10899 | D:7      | Found a staircase to the Ecumenical Temple.
 11283 | D:7      | You fall into a shaft and drop 3 floors!
 11283 | D:10     | Entered Level 10 of the Dungeon
 11638 | D:9      | Found a staircase to the Lair.
 11981 | D:8      | Reached skill level 5 in Charms
 12018 | D:8      | Reached *** piety under Yredelemnul
 12028 | D:8      | Slain by a killer bee

Levels and vault maps discovered:
D:1:      mrwooster_arrival_statue_3, layout_loops_corners, chequers_jeans
D:2:      cheibrodos_helix_gallery, layout_basic, kennysheep_ying_yang,
          first_ration, uniq_crazy_yiuf_cottage, uniq_jessica
D:3:      layout_rooms, lemuel_coloured_pillars_altar, lemuel_round_altar
D:4:      layout_rooms, serial_shops, kennysheep_little_box, serial_forest,
          infiniplex_forest_lined_4_way, infiniplex_forest_straight_4,
          infiniplex_forest_straight_4, infiniplex_forest_end_3,
          infiniplex_forest_diagonal, infiniplex_forest_lined_room_2,
          infiniplex_forest_zigzag_2, infiniplex_forest_lined_1,
          nemelex_diamond_rough_becter
D:5:      layout_loops_ring, serial_shops, shop, nicolae_zen_rock_garden,
          abandoned_shop, minmay_fountain_box,
          minmay_guarded_unrand_staff_of_olgreb
D:6:      layout_basic, marbit_many_paths, eat_drink_and_be_merry_uskayaw,
          corexii_corridor_pit
D:7:      layout_loops_ring, grunt_gozag_breadcrumbs, temple_doors_e
D:8:      layout_cave_pools, lemuel_doored_altar, makhleb_heckhound_becter,
          serial_shops, shop_statue, uniq_maurice, uniq_erica, uniq_pikel,
          uniq_harold, uniq_psyche
D:9:      layout_irregular_city, due_lair_maze_entry_diamond
D:10:     layout_layer_cave, orc_0_dummy

Skill      XL: |  1  2  3  4  5  6  7  8  9 |
---------------+----------------------------+-----
Maces & Flails | 2 3 4 5 6 |  6.2
Fighting       | 3 4 5 6 |  6.6
Charms         | 3 4 5 |  5.0
Spellcasting   | 3 4 |  4.0
Dodging        | 3 4 |  4.7
Hexes          | 1 2 3 |  3.6
Invocations    | 1 2 3 4 |  4.2
Transmutations | 1 2 |  2.0
Earth Magic    | 1 2 |  2.0

Action                   |  1- 3 |  4- 6 |  7- 9 || total
-------------------------+-------+-------+-------++-------
Melee: Mace              |   130 |   226 |       ||   356
       Giant spiked club |       |       |   393 ||   393
Throw: Stone             |    23 |   111 |    54 ||   188
 Cast: Shroud of Golubri |     3 |     9 |     8 ||    20
       Infusion          |     2 |    12 |    15 ||    29
       Confusing Touch   |       |     9 |    29 ||    38
       Spectral Weapon   |       |       |     8 ||     8
Invok: Animate Remains   |       |     1 |       ||     1
  Use: Potion            |       |     1 |     4 ||     5
       Scroll            |       |       |    13 ||    13
 Stab: Confused          |       |     1 |     6 ||     7
  Eat: Chunk             |     3 |    12 |    16 ||    31
       Ration            |       |       |     2 ||     2
Armor: Robe              |    40 |    77 |   135 ||   252
Dodge: Dodged            |    93 |   116 |   297 ||   506
